AoeStats
← iM 我要打十个

Arabia

503547915Analyzed
1v1 RM · 1mo ago on Sep 1, 2026· 29m 12s· 2 players
Game mode
Random Map
Map size
Tiny (2 player)
Population
200
Speed
Normal
Resources
Standard
Victory
Conquest
Starting age
Dark Age
Ending age
Imperial Age
RankedLock teamsTeams togetherTeam positionsShared explorationLock speedFull tech treeHidden civsTurbo modeCheats
Victory
Defeat
🇨🇳 Saracens · China
956
+15
🇦🇷 Koreans · Argentina
944
-15
chifi
10:38 Feudal Age
15:51 Castle Age
15:20 Fletching
15:23 Double-Bit Axe
19:07 Fletching
iM 我要打十个
2:58 Loom
10:27 Feudal Age
16:28 Castle Age
15:14 Fletching
16:30 Crossbowman
25:26 Redemption
27:48 Redemption
27:58 Town Watch
Connection lost

Rejoining the realm…

Still unreachable

The connection could not be restored.

Session expired

The server has moved on; the page needs a fresh start.